 Dungeon Crawl Stone Soup version 0.29-a0-666-g26d293caef (webtiles) character file.

Game seed: 9108079304833124574

7 PentaManta the Shooter (level 1, 0/10 HPs)
             Began as a Spriggan Hunter on June 23, 2022.
             Slain by a gnoll
             ... wielding a +0 spear
              (10 damage)
             ... on level 1 of the Dungeon.
             The game lasted 00:00:14 (233 turns).

PentaManta the Shooter (Spriggan Hunter)             Turns: 233, Time: 00:00:14

Health: 0/10       AC:  2    Str:  7    XL:     1   Next: 83%
Magic:  2/2        EV: 17    Int: 10    God:
Gold:   30         SH:  0    Dex: 18    Spells: 0/0 levels left

rFire   . . .      SeeInvis +   a - +1 shortbow
rCold   . . .      Faith    .   (shield currently unavailable)
rNeg    . . .      Spirit   .   b - +0 robe
rPois   .          Reflect  .   (helmet restricted)
rElec   .          Harm     .   (no cloak)
rCorr   .          Rampage  .   (gloves unavailable)
Will    .....                   (boots unavailable)
Stlth   ++........              (no amulet)
HPRegen 0.03/turn               (no ring)
MPRegen 0.08/turn               (no ring)

@: very quick
A: very small, no large weapons, unfitting armour, see invisible, speed 3
a: no special abilities


You were on level 1 of the Dungeon.
You visited 1 branch of the dungeon, and saw 1 of its levels.

You collected 30 gold pieces.

Inventory:

Hand Weapons
 a - a +1 shortbow (weapon)
Missiles
 d - 5 curare-tipped darts
Armour
 b - a +0 robe (worn)
Scrolls
 c - a scroll of immolation


   Skills:
 - Level 1.5 Fighting
 + Level 5.3 Bows
 - Level 2.6 Dodging
 - Level 1.5 Stealth


You couldn't memorise any spells.
You didn't know any spells.
Your spell library was empty.

Dungeon Overview and Level Annotations

Branches:
Dungeon (1/15)

Altars:


Innate Abilities, Weirdness & Mutations

You are very small and have problems with some larger weapons.
You are too small for most types of armour.
You have supernaturally acute eyesight. (SInv)
You cover ground extremely quickly. (Speed+++)


Message History

a +0 whip; a kobold corpse A bat comes into view.
A bat is nearby!
You shoot an arrow. The arrow barely misses the bat.
You shoot an arrow. The arrow hits the bat.
The bat is heavily wounded.
The bat hits you.
You shoot an arrow. The arrow barely misses the bat.
The bat closely misses you. The bat hits you but does no damage.
You shoot an arrow. The arrow closely misses the bat.
The bat misses you.
A bat is nearby!
You shoot an arrow. The arrow closely misses the bat.
The bat hits you but does no damage.
You shoot an arrow. The arrow hits the bat!
You kill the bat!
No target in view!
No target in view!
No target in view!
You now have 21 gold pieces (gained 3).
You see here a bat corpse.
You now have 30 gold pieces (gained 9).
A ball python comes into view.
A ball python is nearby!
A ball python is nearby!
A ball python is nearby!
You shoot an arrow. The arrow hits the ball python!
You kill the ball python!
No target in view!
No target in view!
Found a dagger.
A gnoll comes into view. It is wielding a +0 spear.
The gnoll shouts!
A gnoll is nearby!
You shoot an arrow. The arrow hits the gnoll!
The gnoll is heavily wounded.
You shoot an arrow. The arrow closely misses the gnoll.
You shoot an arrow. The arrow barely misses the gnoll.
The gnoll hits you from afar with a +0 spear!
Ouch! That really hurt!
You die...

.... ### #).## #.. ....
#.# #..# #.# #..# #.#
#g.# #.#####.###..# #..
#..........@.#.##. #..##
########.###.#.#.. #....
#.#.....#.# #...#
####.#.....#.# #...#
#..........#.# #...#
#.#.#......#.# #...#
#..###.....#.#######...#
#.## ##.................
#..###.####.#.†######.##


You could see a gnoll.

Vanquished Creatures
  A bat (D:1)
  An endoplasm (D:1)
  A kobold (D:1)
  2 ball pythons (D:1)
  A rat (D:1)
6 creatures vanquished.

Notes
Turn   | Place    | Note
-------+----------+-------------------------------------------
     0 | D:1      | PentaManta the Spriggan Hunter began the quest for the Orb.
     0 | D:1      | Reached XP level 1. HP: 10/10 MP: 2/2
    26 | D:1      | Found a faded altar of an unknown god.
    67 | D:1      | Reached skill level 5 in Bows
   233 | D:1      | Slain by a gnoll

Illustrated notes

Levels and vault maps discovered:
D:1:      minmay_arrival_semitransparent, layout_loops_ring,
          shapermc_ecumenical_altar_venn

Skill      XL: |  1 |
---------------+----+-----
Bows           | 5 |  5.3
Fighting       | |  1.5
Dodging        | |  2.6
Stealth        | |  1.5

Action                   || total
-------------------------++-------
 Fire: Shortbow          ||    20
Armor: Robe              ||     2
Dodge: Dodged            ||     4

Table legend: (Time is in decaauts)
 A = Elapsed time spent in this place.
 B = Non-inter-level travel time spent in this place.
 C = Inter-level travel time spent in this place.
 D = Time resting spent in this place.
 E = Time spent auto-exploring this place.
 F = Levels seen in this place.
 G = Mean time per level.
                   A        B        C        D        E       F      G
               +--------+--------+--------+--------+--------+-----+--------+
         Total |    191 |    191 |      0 |      0 |    157 |   1 |  191.0 |
       Dungeon |    191 |    191 |      0 |      0 |    157 |   1 |  191.0 |
               +--------+--------+--------+--------+--------+-----+--------+

Top non-repeatable levels by time:
     D:1: 191 daAuts
